 Dungeon Crawl Stone Soup version 0.17-a0-1842-gacc33f2 (webtiles) character file.

510 Ijustatesigmund the Conjurer (level 6, -2/32 HPs)
             Began as a Deep Elf Conjurer on Sept 17, 2015.
             Slain by Grinder (6 damage)
             ... while paralysed by Grinder
             ... on level 4 of the Dungeon.
             The game lasted 00:14:11 (3681 turns).

Ijustatesigmund the Conjurer (Deep Elf Conjurer)    Turns: 3681, Time: 00:14:11

Health: -2/32      AC:  2    Str:  5    XL:     6   Next: 98%
Magic:  6/15       EV:  2    Int: 22    God:
Gold:   163        SH:  0    Dex: 15    Spells: 5 memorised, 0 levels left

rFire  . . .     SeeInvis .     d - +0 short sword (speed)
rCold  + . .     Clarity  .     a - +0 robe
rNeg   . . .     SustAt   .     (no shield)
rPois  .         Gourm    .     (no helmet)
rElec  .         Spirit   .     (no cloak)
rCorr  .         Warding  .     (no gloves)
rMut   .         Stasis   .     (no boots)
MR     .....                    (no amulet)
Stlth  +++.......               (no ring)
                                f - ring of protection from cold

@: paralysed, very slightly contaminated, not resistant to hostile enchantments,
fairly stealthy
A: no striking features
a: no special abilities


You were on level 4 of the Dungeon.
You were hungry.

You visited 1 branch of the dungeon, and saw 4 of its levels.

You collected 163 gold pieces.

Inventory:

Hand weapons
 d - a +0 short sword of speed (weapon)
Missiles
 o - 2 throwing nets (quivered)
 s - 7 curare-tipped needles
Armour
 a - a +0 robe (worn)
Jewellery
 f - a ring of protection from cold (left hand)
Scrolls
 m - 3 scrolls of magic mapping
 v - 2 scrolls of teleportation
Potions
 e - a potion of haste
 g - a potion of ambrosia
 j - a potion of invisibility
 k - 2 potions of heal wounds
 n - a potion of might {unknown}
 p - a potion of resistance {unknown}
 q - 2 potions of brilliance {unknown}
 t - a potion of curing {unknown}
 u - a potion of agility {unknown}
Books
 b - a book of Conjurations

   Spells                             Type                      Level
   a - Magic Dart                     Conjuration                  1
   b - Searing Ray                    Conjuration                  2
   c - Dazzling Spray                 Conjuration/Hexes            3
   d - Fulminant Prism                Conjuration/Hexes            4
   e - Iskenderun's Mystic Blast      Conjuration                  4
   f - Iskenderun's Battlesphere      Conjuration/Charms           5
Comestibles
 c - 3 bread rations
 h - a slice of pizza
 i - a beef jerky
 l - a meat ration


   Skills:
 - Level 2.0 Short Blades
 - Level 3.2 Dodging
 - Level 4.6 Stealth
 - Level 5.0 Spellcasting
 - Level 6.8 Conjurations
 + Level 2.1 Hexes


You couldn't memorise any spells.
You knew the following spells:

 Your Spells              Type           Power        Failure   Level  Hunger
a - Magic Dart            Conj           ####         1%          1    None
b - Searing Ray           Conj           #####.       1%          2    None
c - Dazzling Spray        Conj/Hex       ####....     6%          3    ##.....
d - Iskenderun's Mystic   Conj           #####...     8%          4    ####...
e - Iskenderun's Battles  Conj/Chrm      ###.....     75%         5    #####..


Dungeon Overview and Level Annotations

Branches:
Dungeon (4/15)
 Temple: D:4-7

Altars:
Makhleb
Qazlal

Annotations:
D:4 Grinder


Message History

Grinder hits you but does no damage.
The searing ray misses Grinder.
Grinder hits you but does no damage.
Casting: Searing Ray
Confirm with . or Enter, or press ? or * to list all spells.
Aiming: Searing Ray
Press: ? - help, Shift-Dir - straight line, f/p - Grinder
Aim: Grinder (heavily wounded)
The searing ray hits Grinder.
Grinder is severely wounded.
Grinder barely misses you.
The searing ray hits Grinder.
Grinder is severely wounded.
Grinder gestures at you.
You suddenly lose the ability to move!
Grinder hits you.
* * * LOW HITPOINT WARNING * * *
You writhe in agony.
* * * LOW HITPOINT WARNING * * *
Grinder hits you.
You die...

#.# #.## #.# ##'##### #.#
#.# #.# ##.##### #.....#
#.# ..# ... #......##
#.....# #.# #.# #...
#.......###.....# #.# #.#
#... #...............#
#(## ###
##'###.......###.....#
#.##
#.......####.########...
........5##.............#
#########@##.#.#########.#
#####.##...# #.#
#.....###### #.#
#....Z######## #.#
#............. ...
##.......###### ...
#........# ... #.##.....#
#. #.....#


You could see Grinder and an adder skeleton.

Vanquished Creatures
  2 ogres
  Blork the orc (D:4)
  An orc wizard (D:3)
  2 hounds
  A centaur skeleton (D:4)
  3 gnolls (D:3)
  5 adders
  2 oozes (D:3)
  6 worms
  3 giant geckos
  6 orcs
  A giant cockroach (D:1)
  8 goblins
  8 hobgoblins
  9 kobolds
  A ball python (D:3)
  7 bats
  4 giant newts
  5 rats
75 creatures vanquished.

Notes
Turn   | Place    | Note
--------------------------------------------------------------
     0 | D:1      | Ijustatesigmund the Deep Elf Conjurer began the quest for the Orb.
     0 | D:1      | Reached XP level 1. HP: 10/10 MP: 6/6
   406 | D:1      | Reached XP level 2. HP: 15/15 MP: 5/8
   410 | D:1      | Learned a level 2 spell: Searing Ray
  1088 | D:2      | Reached skill level 5 in Conjurations
  1088 | D:2      | Reached XP level 3. HP: 19/19 MP: 4/9
  1263 | D:2      | Learned a level 3 spell: Dazzling Spray
  1305 | D:2      | Found a stormy altar of Qazlal.
  1549 | D:2      | Reached skill level 1 in Short Blades
  1559 | D:2      | Reached XP level 4. HP: 22/24 MP: 8/11
  2047 | D:3      | Noticed an ogre
  2053 | D:3      | Killed an ogre
  2053 | D:3      | Reached XP level 5. HP: 26/28 MP: 5/13
  2232 | D:3      | Reached skill level 6 in Conjurations
  2712 | D:3      | Reached XP level 6. HP: 32/32 MP: 14/14
  2987 | D:3      | Found a burning altar of Makhleb.
  3190 | D:4      | Learned a level 4 spell: Iskenderun's Mystic Blast
  3203 | D:4      | Noticed Blork the orc
  3217 | D:4      | Killed Blork the orc
  3490 | D:4      | Reached skill level 5 in Spellcasting
  3497 | D:4      | Learned a level 5 spell: Iskenderun's Battlesphere
  3509 | D:4      | Reached skill level 1 in Hexes
  3609 | D:4      | Noticed Grinder
  3679 | D:4      | Paralysed by Grinder for 7 turns
  3681 | D:4      | Slain by Grinder

Vault maps used:
D:1:      saegor_arrival_simple_b
D:2:      first_bread, grunt_qazlal_sundering
D:3:      makhleb_blood_cavern_becter
D:4:      minmay_temple_entry_poolview, uniq_grinder, uniq_duvessa,
          uniq_blork_the_orc

Action                   |  1- 3 |  4- 6 || total
-------------------------+-------+-------++-------
Melee: Short sword       |    63 |    33 ||    96
 Cast: Magic Dart        |    36 |    40 ||    76
       Searing Ray       |     3 |    16 ||    19
  Use: Scroll            |     4 |     4 ||     8
 Stab: Sleeping          |     4 |     4 ||     8
  Eat: Chunk             |     2 |     6 ||     8
